 Dungeon Sprint DCSS version 0.29-a0-824-gd827844252 (webtiles) character file.

Game seed: 6051262875458341373

4263 mhtbhm the Earth Mage (level 10, -9/87 HPs)
             Began as a Gargoyle Earth Elementalist on July 9, 2022.
             Was a High Priest of Vehumet.
             Mangled by a six-headed hydra (10 damage)
             ... in the Dungeon (Sprint IX: "|||||||||||||||||||||||||||||").
             The game lasted 00:03:23 (1308 turns).

mhtbhm the Earth Mage (Gargoyle Earth Elementalist) Turns: 1308, Time: 00:03:25

Health: -9/87      AC: 17    Str: 13    XL:     10   Next: 31%
Magic:  3/26       EV: 13    Int: 25    God:    Vehumet [*****.]
Gold:   28         SH:  0    Dex: 10    Spells: 24/34 levels left

rFire   . . .      SeeInvis .   l - +2 morningstar (protect)
rCold   . . .      Faith    .   (no shield)
rNeg    + . .      Spirit   .   a - +0 robe
rPois   ∞          Reflect  .   (no helmet)
rElec   +          Harm     .   (no cloak)
rCorr   .          Rampage  .   (no gloves)
Will    .....      NoTele   +   k - +0 pair of boots
Stlth   ..........              (no amulet)
HPRegen 0.24/turn               m - +3 ring of intelligence
MPRegen 0.20/turn               n - +3 ring of intelligence

@: berserking, under a protective aura, very quick
A: sickness immunity, AC +7, negative energy resistance 1, electricity
resistance, torment resistance 1, petrification resistance
a: Renounce Religion


You were in the Dungeon.
You worshipped Vehumet.
Vehumet was extremely pleased with you.
You visited 1 branch You collected 28 gold pieces.

Inventory:

Hand Weapons
 l - a +2 morningstar of protection (weapon)
Missiles
 e - 6 poisoned darts (quivered)
Armour
 a - a +0 robe (worn)
 k - a +0 pair of boots (worn)
Jewellery
 m - a +3 ring of intelligence (left hand)
 n - a +3 ring of intelligence (right hand)
Wands
 j - a wand of quicksilver (4)
Scrolls
 g - 3 scrolls of blinking
 i - 2 scrolls of amnesia
 q - 4 scrolls of enchant armour
 r - 2 scrolls of enchant weapon
 s - a scroll of identify
Potions
 b - 4 potions of magic
 c - 6 potions of curing
 d - 3 potions of heal wounds
 f - a potion of berserk rage
 h - a potion of invisibility
 o - a potion of brilliance
 p - a potion of haste


   Skills:
 + Level 4.8 Fighting
 + Level 0.3 Throwing
 + Level 6.1 Dodging
 + Level 6.0 Stealth
 + Level 12.7 Spellcasting
 + Level 6.8 Conjurations
 + Level 3.4 Transmutations
 + Level 17.4 Earth Magic
 + Level 4.1 Evocations


You had 24 spell levels left.
You knew the following spells:

 Your Spells              Type           Power      Damage    Failure   Level
a - Sandblast             Erth           100%       2d20      0%          1
b - Passwall              Tmut/Erth      51%        N/A       1%          2
c - Stone Arrow           Conj/Erth      100%       3d13      1%          3
d - Petrify               Tmut/Erth      62%        N/A       1%          4

Your spell library contained the following spells:

 Spells                   Type           Power      Damage    Failure   Level
 Iskenderun's Battlesphe  Conj           50%        2d10      1%          5


Dungeon Overview and Level Annotations

Branches:
Dungeon (1/1)

Altars:
Cheibriados
Dithmenos
Elyvilon
Fedhas
Gozag
Hepliaklqana
Kikubaaqudgha
Makhleb
Nemelex Xobeh
Okawaru
Qazlal
Ru
Sif Muna
Trog
Uskayaw
Vehumet
Wu Jian
Xom
Yredelemnul
Zin
The Shining One
Jiyva
Lugonu


Innate Abilities, Weirdness & Mutations

You are immune to sickness and miasma.
Your stone body is resilient. (AC +7)
You are immune to poison.
You resist negative energy. (rN+)
You are resistant to electric shocks. (rElec)
You are resistant to unholy torment.
You are immune to petrification.


Message History

The six-headed hydra closely misses you.
The six-headed hydra completely misses you.
The six-headed hydra bites you!
You hit the six-headed hydra.
Your weapon exudes an aura of protection.
The six-headed hydra is lightly wounded.
The six-headed hydra bites you but does no damage. x2
The six-headed hydra completely misses you.
The six-headed hydra barely misses you.
The six-headed hydra completely misses you.
The six-headed hydra barely misses you.
You hit the six-headed hydra.
The six-headed hydra is lightly wounded.
You puncture the six-headed hydra!
The six-headed hydra is moderately wounded.
The six-headed hydra closely misses you.
The six-headed hydra bites you.
The six-headed hydra bites you but does no damage.
The six-headed hydra bites you.
The six-headed hydra bites you but does no damage. x2
The six-headed hydra bites you. The six-headed hydra barely misses you.
The six-headed hydra bites you. The six-headed hydra bites you! x2
* * * LOW HITPOINT WARNING * * *
The six-headed hydra bites you but does no damage.
You puncture the six-headed hydra!
The six-headed hydra is heavily wounded.
The six-headed hydra completely misses you.
The six-headed hydra bites you but does no damage. x2
The six-headed hydra barely misses you.
The six-headed hydra bites you but does no damage.
The six-headed hydra bites you.
* * * LOW HITPOINT WARNING * * *
You barely miss the six-headed hydra.
The six-headed hydra is heavily wounded.
The six-headed hydra bites you!
* * * LOW HITPOINT WARNING * * *
The six-headed hydra bites you.
* * * LOW HITPOINT WARNING * * *
The six-headed hydra bites you!
You die...

▓▓▓▓▓▓▓▓▓▓▓▓▓▓▓▓▓▓▓▓▓▓▓▓
...hFYD@........†....†.[
▓▓▓▓▓▓▓▓▓▓▓▓▓▓▓▓▓▓▓▓▓▓▓▓▓▓▓▓▓▓▓▓▓
.................................
▓▓▓▓▓▓▓▓▓▓▓▓▓▓▓▓▓▓▓▓▓▓▓▓▓▓▓▓▓▓▓▓▓
..).)'________________________'..
▓▓▓▓▓▓▓▓▓▓▓▓▓▓▓▓▓▓▓▓▓▓▓▓▓▓▓▓▓▓▓▓▓


You could see a six-headed hydra, a polar bear, a yak and a cane toad.

Vanquished Creatures
  An ugly thing (D)
  A manticore (D)
  A cyclops (D)
  2 black mambas (D)
  An unseen horror (shapeshifter) (D)
  A komodo dragon (D)
  3 trolls (D)
  2 yaks (D)
  3 water moccasins (D)
  A centaur (D)
  A kobold brigand (D)
  7 bullfrogs (D)
  A gnoll sergeant (D)
  A hound (D)
  An orc priest (D)
  2 adders (D)
  A white imp (D)
  A dart slug (D)
  An orc (D)
  A ball python (D)
  An endoplasm (D)
  A hobgoblin (D)
  A kobold (D)
36 creatures vanquished.

Notes
Turn   | Place    | Note
-------+----------+-------------------------------------------
     0 | D        | mhtbhm the Gargoyle Earth Elementalist began the quest for
                  | the Orb.
     0 | D        | Reached XP level 1. HP: 10/10 MP: 3/3
     5 | D        | Reached skill level 4 in Earth Magic
    31 | D        | Reached XP level 2. HP: 13/15 MP: 0/5
    62 | D        | Learned a level 2 spell: Passwall
    89 | D        | Reached skill level 5 in Earth Magic
    90 | D        | Reached XP level 3. HP: 18/19 MP: 2/7
    91 | D        | Reached skill level 7 in Earth Magic
    92 | D        | Reached XP level 4. HP: 20/24 MP: 1/9
   260 | D        | Found a snail-covered altar of Cheibriados.
   260 | D        | Found a shadowy altar of Dithmenos.
   260 | D        | Found a white marble altar of Elyvilon.
   260 | D        | Found a blossoming altar of Fedhas.
   260 | D        | Found an opulent altar of Gozag.
   261 | D        | Found a hazy altar of Hepliaklqana.
   262 | D        | Found a viscous altar of Jiyva.
   263 | D        | Found an ancient bone altar of Kikubaaqudgha.
   264 | D        | Found a corrupted altar of Lugonu.
   265 | D        | Found a burning altar of Makhleb.
   266 | D        | Found a sparkling altar of Nemelex Xobeh.
   267 | D        | Found an iron altar of Okawaru.
   268 | D        | Found a stormy altar of Qazlal.
   269 | D        | Found a sacrificial altar of Ru.
   270 | D        | Found a shimmering blue altar of Sif Muna.
   271 | D        | Found a bloodstained altar of Trog.
   272 | D        | Found a hide-covered altar of Uskayaw.
   273 | D        | Found a radiant altar of Vehumet.
   274 | D        | Found an ornate altar of the Wu Jian Council.
   275 | D        | Found a shimmering altar of Xom.
   276 | D        | Found a basalt altar of Yredelemnul.
   277 | D        | Found a glowing silver altar of Zin.
   278 | D        | Found a glowing golden altar of the Shining One.
   281 | D        | Became a worshipper of Vehumet
   325 | D        | Learned a level 3 spell: Stone Arrow
   330 | D        | Learned a level 4 spell: Petrify
   330 | D        | Noticed a centaur
   330 | D        | Noticed a kobold brigand
   330 | D        | Noticed a gnoll sergeant
   330 | D        | Noticed a yak
   330 | D        | Noticed a troll
   340 | D        | Reached skill level 1 in Transmutations
   340 | D        | Reached skill level 8 in Earth Magic
   347 | D        | Killed a troll
   347 | D        | Killed a yak
   347 | D        | Reached * piety under Vehumet
   347 | D        | Offered knowledge of Magic Dart by Vehumet.
   347 | D        | Killed a gnoll sergeant
   348 | D        | Reached skill level 1 in Fighting
   348 | D        | Reached skill level 5 in Stealth
   348 | D        | Reached skill level 12 in Earth Magic
   348 | D        | Reached skill level 1 in Evocations
   348 | D        | Reached XP level 5. HP: 19/29 MP: 3/15
   348 | D        | Reached XP level 6. HP: 22/34 MP: 3/16
   348 | D        | Reached XP level 7. HP: 25/38 MP: 3/18
   366 | D        | Reached ** piety under Vehumet
   529 | D        | Noticed a manticore
   529 | D        | Noticed a red ugly thing
   529 | D        | Noticed a troll
   529 | D        | Noticed a troll
   529 | D        | Noticed a cyclops
   540 | D        | Killed a cyclops
   540 | D        | Offered knowledge of Shock by Vehumet.
   541 | D        | Reached skill level 5 in Dodging
   541 | D        | Reached skill level 1 in Conjurations
   541 | D        | Reached skill level 13 in Earth Magic
   541 | D        | Reached XP level 8. HP: 42/44 MP: 13/21
   543 | D        | Killed an unseen horror
   544 | D        | Reached skill level 14 in Earth Magic
   682 | D        | Killed a troll
   683 | D        | Reached skill level 10 in Spellcasting
   691 | D        | Killed a troll
   691 | D        | Reached *** piety under Vehumet
   692 | D        | Reached skill level 15 in Earth Magic
   692 | D        | Reached XP level 9. HP: 42/51 MP: 12/23
   759 | D        | Killed a red ugly thing
   759 | D        | Offered knowledge of Dazzling Flash by Vehumet.
   837 | D        | Killed a manticore
   838 | D        | Reached skill level 16 in Earth Magic
  1126 | D        | Noticed a black mamba
  1128 | D        | Noticed a black mamba
  1129 | D        | Killed a black mamba
  1129 | D        | Offered knowledge of Airstrike by Vehumet.
  1130 | D        | Reached skill level 5 in Conjurations
  1130 | D        | Reached **** piety under Vehumet
  1139 | D        | Killed a black mamba
  1139 | D        | Reached ***** piety under Vehumet
  1140 | D        | Reached XP level 10. HP: 42/58 MP: 1/26
  1154 | D        | Reached skill level 17 in Earth Magic
  1292 | D        | Offered knowledge of Iskenderun's Battlesphere by Vehumet.
  1295 | D        | Noticed a cane toad
  1296 | D        | Noticed a six-headed hydra
  1308 | D        | HP: 1/87 [six-headed hydra (6)]
  1308 | D        | Mangled by a six-headed hydra

Illustrated notes

Levels and vault maps discovered:
D:        linesprint [early_d, line_temple, items_1, d_10, items_2, lair_1,
          lair_end, items_3, orc_1, orc_end, items_4, d_15, swamp_1, shoals_1,
          snake_1, spider_1, d_20, vaults_1, items_5, swamp_end, shoals_end,
          snake_end, spider_end, vaults_end, d_27, items_6, zot_1, zot_end,
          crypt_end, forest_end, elf_end, slime_end, tomb_end, abyss_end,
          pan_hell_end]

Skill      XL: |  1  2  3  4  5  6  7  8  9 10 |
---------------+-------------------------------+-----
Earth Magic    | 4 5 7 12 13 15 16 17 | 17.4
Stealth        | 3 4 5 6 |  6.0
Dodging        | 2 4 5 6 |  6.1
Spellcasting   | 3 7 9 10 12 | 12.7
Transmutations | 2 3 |  3.4
Fighting       | 1 2 3 4 |  4.8
Evocations     | 1 2 3 4 |  4.1
Conjurations   | 1 3 6 |  6.8
Throwing       | |  0.3

Action                   |  1- 3 |  4- 6 |  7- 9 | 10-12 || total
-------------------------+-------+-------+-------+-------++-------
Melee: Morningstar       |       |       |       |     5 ||     5
Throw: Dart              |       |       |       |     2 ||     2
 Cast: Sandblast         |    10 |     2 |     5 |     7 ||    24
       Stone Arrow       |       |     1 |    31 |    12 ||    44
       Petrify           |       |     1 |     2 |       ||     3
Evoke: Wand              |       |     4 |     1 |     1 ||     6
  Use: Potion            |       |     1 |     3 |     1 ||     5
Armor: Robe              |     4 |       |    10 |    20 ||    34
Dodge: Dodged            |     5 |     5 |     8 |    28 ||    46

Table legend: (Time is in decaauts)
 A = Elapsed time spent in this place.
 B = Non-inter-level travel time spent in this place.
 C = Inter-level travel time spent in this place.
 D = Time resting spent in this place.
 E = Time spent auto-exploring this place.
 F = Levels seen in this place.
 G = Mean time per level.
                   A        B        C        D        E       F      G
               +--------+--------+--------+--------+--------+-----+--------+
         Total |   1318 |   1318 |      0 |    758 |    203 |   1 | 1318.0 |
       Dungeon |   1318 |   1318 |      0 |    758 |    203 |   1 | 1318.0 |
               +--------+--------+--------+--------+--------+-----+--------+

Top non-repeatable levels by time:
       D: 1318 daAuts
